 Dungeon Crawl Stone Soup version 0.31.0-9-g3a7656b989 (webtiles) character file.

Game seed: 12993408205002012475

65 qw the Shooter (level 3, -1/20 HPs)
             Began as a Deep Elf Hunter on Feb 2, 2024.
             Slain by Natasha (6 damage)
             ... on level 2 of the Dungeon.
             The game lasted 00:00:03 (1059 turns).

qw the Shooter (Deep Elf Hunter)                    Turns: 1059, Time: 00:00:04

Health: -1/20      AC:  4    Str: 10    XL:     3   Next: 94%
Magic:  5/5        EV: 12    Int: 13    God:
Gold:   46         SH:  0    Dex: 18    Spells: 2/2 levels left

rFire   . . .        a - +0 shortbow
rCold   . . .        (shield currently unavailable)
rNeg    . . .        c - +0 leather armour
rPois   .            (no helmet)
rElec   .            (no cloak)
rCorr   .            f - +0 pair of gloves
SInv    .            (no boots)
Will    .....        (no amulet)
Stlth   ++           (no ring)
HPRegen 0.23/turn    (no ring)
MPRegen 0.09/turn

%: no passive effects
@: slowed, very slow
A: no striking features
a: no special abilities


You were on level 2 of the Dungeon.
You visited 1 branch of the dungeon, and saw 2 of its levels.

You collected 46 gold pieces.


   Skills:
 - Level 1.5 Fighting
 + Level 7.4 Ranged Weapons
 - Level 2.4 Dodging
 - Level 1.2 Stealth


You had 2 spell levels left.
You didn't know any spells.
Your spell library was empty.

Inventory:

Hand Weapons
 a - a +0 shortbow (weapon)
Armour
 c - a +0 leather armour (worn)
 f - a +0 pair of gloves (worn)
Scrolls
 e - a scroll of vulnerability {unknown}
 h - a scroll of enchant armour {unknown}
Potions
 b - a potion of haste {unknown}
 d - a potion of mutation
 g - a potion of curing {unknown}

Dungeon Overview and Level Annotations

Branches:
Dungeon (2/15)

Altars:

Annotations:
D:2 Natasha


Message History

Natasha is moderately wounded.
Natasha stares at you and mumbles some strange words.
You resist with some effort.
You shoot an arrow. The arrow hits Natasha.
Natasha is heavily wounded.
You shoot an arrow. The arrow barely misses Natasha.
The cerulean imp closely misses you.
You shoot an arrow.
The arrow hits Natasha but does no damage.
Natasha is heavily wounded.
Natasha closely misses you.
The cerulean imp hits you but does no damage.
You shoot an arrow. The arrow barely misses Natasha.
Natasha casts a spell at you.
You feel yourself slow down.
The cerulean imp hits you from afar with a +1 spear.
You shoot an arrow. The arrow closely misses Natasha.
Natasha claws you.
The cerulean imp hits you from afar with a +1 spear.
Natasha misses you. The cerulean imp misses you.
You shoot an arrow. The arrow barely misses Natasha.
Natasha claws you but does no damage. The cerulean imp closely misses you.
Natasha casts a spell at you. The magic dart hits you.
You shoot an arrow.
The arrow hits Natasha but does no damage.
Natasha is heavily wounded.
The cerulean imp barely misses you. Natasha barely misses you.
The cerulean imp hits you but does no damage.
You shoot an arrow. The arrow barely misses Natasha.
Natasha barely misses you.
The cerulean imp hits you from afar with a +1 spear.
Natasha stares at you and mumbles some strange words.
The magic dart hits you but does no damage.
The cerulean imp hits you from afar with a +1 spear.
You shoot an arrow. The arrow barely misses Natasha.
Natasha claws you but does no damage. The cerulean imp barely misses you.
Natasha claws you.
You die...
Natasha begins licking her fur clean.

......... #.#.#........
##.#.#...........######
#....#................#
#....#.......# #.####.#
####...##5......#
#.......
###.........h.....#
######## #..........@#
# #.#.........# #
#.####...##.# #
#####.####...##.# #
#............##.# #
#.##..#########.# #
#.##..# #.#
############# #.##(.#
#.# #............
#.##..# #.#
#.###########


You could see Natasha and a cerulean imp (summoned).

Vanquished Creatures
  Natasha (D:2)
  2 dart slugs
  2 ribbon worms (D:2)
  An endoplasm (D:1)
  A giant cockroach (D:1)
  6 goblins
  3 hobgoblins (D:1)
  4 kobolds
  A quokka (D:1)
  4 ball pythons
  2 bats
  3 frilled lizards
  2 rats (D:1)
32 creatures vanquished.

Notes
Turn   | Place    | Note
-------+----------+-------------------------------------------
     0 | D:1      | qw the Deep Elf Hunter began the quest for the Orb.
     0 | D:1      | Reached XP level 1. HP: 12/12 MP: 3/3
     0 | D:1      | 0 ||| qw: Version: 0.3-a-155-g5e7d8dd
     0 | D:1      | 0 ||| qw: Game counter: 280
     0 | D:1      | 0 ||| qw: Melee chars always use a shield: true
     0 | D:1      | 0 ||| qw: God list: Okawaru
     0 | D:1      | 0 ||| qw: Allow faded altars: false
     0 | D:1      | 0 ||| qw: Do Orc after clearing Dungeon:15 true
     0 | D:1      | 0 ||| qw: Do second Lair branch before Depths: true
     0 | D:1      | 0 ||| qw: Lair rune preference: random
     0 | D:1      | 0 ||| qw: Goals: Normal
     0 | D:1      | 0 ||| PLANNING D:1-11
   130 | D:1      | Reached XP level 2. HP: 16/16 MP: 4/4
   139 | D:1      | Reached skill level 6 in Ranged Weapons
   658 | D:1      | 658 ||| UPGRADING to +0 pair of gloves.
   663 | D:1      | 663 ||| READING scroll labelled WOIRUY QAITETU.
   663 | D:1      | 663 ||| IDENTIFYING lumpy yellow potion
   664 | D:1      | 664 ||| DROPPING scroll of butterflies.
   749 | D:2      | Reached XP level 3. HP: 20/20 MP: 5/5
   773 | D:2      | Noticed Natasha
   776 | D:2      | Killed Natasha
   777 | D:2      | Reached skill level 7 in Ranged Weapons
  1045 | D:2      | Noticed Natasha
  1058 | D:2      | HP: 4/20 [cerulean imp/+1 spear[Natasha] (4)]
  1059 | D:2      | Slain by Natasha

Levels and vault maps discovered:
D:1:      lightli_arrival_flooded_house, layout_loops_ring, chequers_jeans
D:2:      layout_loops_ring, minivault_14, uniq_natasha

Skill      XL: |  1  2  3 |
---------------+----------+-----
Ranged Weapons | 6 7 |  7.4
Fighting       | |  1.5
Dodging        | |  2.4
Stealth        | |  1.2

Action                     || total
---------------------------++-------
   Fire: Shortbow          ||   124
    Use: Scroll            ||     1
 Armour: Leather armour    ||    28
  Dodge: Dodged            ||    25

Table legend:
 A = Non-vault XP
 B = Vault XP
 C = Vault XP percentage of total XP
 D = Non-vault monster count
 E = Vault monster count
 F = Vault count percentage of total count
                 A         B        C        D         E       F
            +---------+---------+-------+---------+---------+-------
      Total |      59 |      35 |  37.2 |      31 |       1 |   3.1
            +---------+---------+-------+---------+---------+-------
        D:1 |      36 |       0 |   0.0 |      21 |       0 |   0.0
        D:2 |      23 |      35 |  60.3 |      10 |       1 |   9.1
            +---------+---------+-------+---------+---------+-------
